 Dungeon Crawl Stone Soup version 0.32-a0-572-g3e1049bc92 (webtiles) character file.

Game seed: 8088343238319374341

13356 Revguard the Prestidigitator (level 12, -5/142 HPs)
             Began as a Coglin Berserker on Mar 1, 2024.
             Was a Priest of Trog.
             Slain by a boulder beetle (18 damage)
             ... on level 11 of the Dungeon.
             The game lasted 00:26:12 (9490 turns).

Revguard the Prestidigitator (Coglin Berserker)     Turns: 9490, Time: 00:26:14

Health: -5/142     AC: 19    Str: 22    XL:     12   Next: 5%
Magic:  12/12      EV: 10    Int:  8    God:    Trog [***...]
Gold:   650        SH:  0    Dex: 15    Spells: 11/11 levels left

rFire   . . .        u - +2 war axe (heavy) {Renate}
rCold   + . .        A - +2 war axe (flame) {Hua}
rNeg    . . .        q - +0 plate armour
rPois   .            d - +0 helmet of Insecurity {rC+ Will+ Dex+2}
rElec   .            (no cloak)
rCorr   .            f - +0 pair of gloves
SInv    .            m - +0 pair of boots
Will    +++..        (amulet unavailable) Stlth
                     (ring unavailable)
HPRegen 1.43/turn    (ring unavailable)
MPRegen 0.13/turn    (no gizmo)

%: clarity
@: berserking (expiring), strong-willed, regenerating, revved, very quick
A: off-hand wielding, slow wielding, warmup strikes, no jewellery, iridescent
scales 1, clarity, MP-powered wands
a: Invent Gizmo, Renounce Religion, Berserk, Trog's Hand


You were on level 11 of the Dungeon.
You worshipped Trog.
Trog was most pleased with you.
You visited 2 branches of the dungeon, and saw 12 of its levels.

You collected 650 gold pieces.

Inventory:

Hand Weapons
 b - a +3 war axe {Fikile}
 u - a +2 heavy war axe (weapon) {Renate}
 x - a +0 war axe {Choonhe}
 A - a +2 war axe of flaming (offhand) {Hua}
Armour
 d - the +0 helmet of Insecurity (worn) {rC+ Will+ Dex+2}
   (You acquired it on level 3 of the Dungeon)

   Dex+2:     It affects your dexterity (+2).
   rC+:       It protects you from cold.
   Will+:     It increases your willpower.
 f - a +0 pair of gloves (worn)
 m - a +0 pair of boots (worn)
 q - a +0 plate armour (worn)
Wands
 h - a wand of iceblast (1)
 n - a wand of charming (2)
 v - a wand of flame (21)
Scrolls
 a - a scroll of vulnerability
 j - a scroll of blinking
 o - 4 scrolls of identify
 s - a scroll of torment
 t - a scroll of fear
 w - a scroll of noise
 y - a scroll of revelation
Potions
 c - 3 potions of mutation
 e - a potion of cancellation
 g - 2 potions of invisibility
 i - a potion of berserk rage
 k - 5 potions of enlightenment
 l - 4 potions of curing
 p - 2 potions of brilliance
 r - a potion of heal wounds
 z - a potion of lignification


   Skills:
 + Level 9.1 Fighting
 + Level 9.2 Axes
 + Level 8.0 Armour
 + Level 8.0 Dodging
 + Level 11.1 Evocations


You had 11 spell levels left.
You didn't know any spells.
Your spell library was empty.

Dungeon Overview and Level Annotations

Branches:
Dungeon (11/15)            Temple (1/1) D:6            Lair (0/5) D:8
    Orc (0/2) D:10

Altars:
Ashenzari
Cheibriados
Dithmenos
Elyvilon
Fedhas
Gozag
Hepliaklqana
Kikubaaqudgha
Makhleb
Nemelex Xobeh
Okawaru
Qazlal
Ru
Sif Muna
Trog
Uskayaw
Vehumet
Wu Jian
Xom
Yredelemnul
Zin
The Shining One

Shops:
D:7 [   D:8 (


Innate Abilities, Weirdness & Mutations

You can wield a second weapon in your off-hand.
It takes a long time for you to wield or remove held weapons.
Your first few attacks do less damage.
You cannot equip rings or amulets.
You are partially covered in iridescent scales. (AC +2)
You possess an exceptional clarity of mind.
You expend magic power (3 MP) to strengthen your wands.


Message History

You have reached level 12!
You feel stronger.
You slice the boulder beetle with your +2 heavy war axe!!
The boulder beetle is moderately wounded.
You slash the acid dragon with your +2 heavy war axe!
You hit the yak with your +2 heavy war axe.
You slash the boulder beetle with your +2 war axe of flaming!
You burn the boulder beetle.
You slash the yak with your +2 war axe of flaming!
You burn the yak.
You slash the acid dragon with your +2 war axe of flaming!
You burn the acid dragon. The acid dragon spits acid at you.
The splash of acid hits you but does no damage.
The boulder beetle hits you!!!
* * * LOW HITPOINT WARNING * * *
The boulder beetle stops rolling and uncurls.
The boulder beetle closely misses you. The yak closely misses you.
You slash the boulder beetle with your +2 war axe of flaming!
You burn the boulder beetle.
The boulder beetle is almost dead.
You barely miss the acid dragon with your +2 war axe of flaming.
You slash the yak with your +2 war axe of flaming!
You burn the yak.
You completely miss the boulder beetle with your +2 war axe of flaming.
You hit the boulder beetle with your +2 heavy war axe.
You slice the yak with your +2 heavy war axe!!
You kill the yak!
Trog accepts your kill.
You slice the boulder beetle with your +2 heavy war axe!!
You slice the acid dragon with your +2 heavy war axe!!
You kill the acid dragon!
Trog accepts your kill.
You slice the boulder beetle with your +2 war axe of flaming!!
You burn the boulder beetle!
You kill the boulder beetle!
Trog accepts your kill.
You hit the boulder beetle but do no damage. x2
The boulder beetle bites you!!
You die...

..... #.[.# #...# .
#...# .
.####...###### .# #
...........>.###.#.#
......[†....<......
#@###...?...#
#B......#
.....°...#...#
.....###.##..###.#
..... #.##......#
.....###.##.##.### #
#...........# .#
#..# ########.####
##### #..# ##...## #
#..


You could see a boulder beetle.

Vanquished Creatures
  2 boulder beetles (D:11)
  4 two-headed ogres
  2 skeletal warriors (D:11)
  An ugly thing (D:9)
  A gargoyle (D:11)
  A komodo dragon (D:8)
  2 trolls
  Sigmund (D:2)
  The ghost of mojasp the Gusty, an amateur TeAE (D:4)
  A wraith (D:10)
  12 yaks
  A steam dragon (D:7)
  3 acid dragons (D:11)
  5 water moccasins
  An ice beast (D:5)
  5 orc warriors
  5 black bears
  7 centaurs
  A phantom (D:5)
  5 kobold brigands
  2 gnoll sergeants (D:10)
  4 bullfrogs
  A water moccasin zombie (D:4)
  2 scorpions
  4 wights (D:7)
  10 killer bees
  6 howler monkeys
  A bombardier beetle (D:6)
  A crimson imp (D:3)
  4 hounds
  4 jellies
  5 orc priests
  A sleepcap (D:6)
  An iguana (D:6)
  7 orc wizards
  2 gnolls (D:10)
  6 adders
  A shadow imp (D:7)
  2 white imps
  4 ufetubi
  An adder zombie (D:4)
  A ribbon worm (D:3)
  A dart slug (D:4)
  32 orcs
  2 endoplasms
  3 giant cockroaches (D:1)
  7 goblins
  6 hobgoblins
  4 jackals (D:5)
  5 quokkas
  5 ball pythons
  2 bats (D:1)
  4 frilled lizards
  2 goblin skeletons (D:3)
  3 goblin zombies (D:3)
  3 hobgoblin zombies (D:3)
  14 kobolds
  A kobold skeleton (D:3)
  A kobold zombie (D:3)
  2 orc skeletons (D:3)
  10 rats
238 creatures vanquished.

Vanquished Creatures (collateral kills)
  A skeletal warrior (D:11)
  2 howler monkeys (D:10)
3 creatures vanquished.

Vanquished Creatures (others)
  A skeletal warrior (D:11)
1 creature vanquished.

Grand Total: 242 creatures vanquished

Notes
Turn   | Place    | Note
-------+----------+-------------------------------------------
     0 | D:1      | Revguard the Coglin Berserker began the quest for the Orb.
     0 | D:1      | Reached XP level 1. HP: 18/18 MP: 1/1
   280 | D:1      | Reached XP level 2. HP: 15/24 MP: 2/2
   358 | D:1      | Reached skill level 1 in Evocations
   452 | D:1      | Reached XP level 3. HP: 20/29 MP: 3/3
   651 | D:1      | Reached ** piety under Trog
  1142 | D:2      | Found a white marble altar of Elyvilon.
  1207 | D:2      | Noticed Sigmund
  1218 | D:2      | Killed Sigmund
  1219 | D:2      | Reached skill level 2 in Evocations
  1219 | D:2      | Reached XP level 4. HP: 24/37 MP: 4/4
  1219 | D:2      | Reached XP level 5. HP: 28/42 MP: 5/5
  1644 | D:3      | Reached skill level 3 in Evocations
  1651 | D:3      | Reached XP level 6. HP: 35/48 MP: 6/6
  1891 | D:3      | Found a faded altar of an unknown god.
  2101 | D:3      | Found a glowing golden altar of the Shining One.
  2326 | D:3      | Reached *** piety under Trog
  2422 | D:3      | Identified a scroll of acquirement
  2422 | D:3      | Acquired the +0 helmet of Insecurity {rC+ Will+ Dex+2}
  2516 | D:4      | Found a burning altar of Makhleb.
  2617 | D:4      | Noticed a black bear
  2627 | D:4      | Killed a black bear
  2628 | D:4      | Reached XP level 7. HP: 14/54 MP: 7/7
  2733 | D:4      | Found a runed translucent gate.
  2733 | D:4      | Found a runed translucent gate.
  2733 | D:4      | Found a runed translucent gate.
  2733 | D:4      | Noticed mojasp's ghost (amateur TeAE)
  2735 | D:4      | Found a basalt altar of Yredelemnul.
  2749 | D:4      | Reached skill level 4 in Evocations
  2823 | D:4      | Killed mojasp's ghost
  3027 | D:5      | Entered Level 5 of the Dungeon
  3129 | D:5      | Found a sacrificial altar of Ru.
  3313 | D:5      | Reached skill level 5 in Axes
  3313 | D:5      | Reached XP level 8. HP: 61/61 MP: 8/8
  3333 | D:5      | Reached skill level 5 in Fighting
  3333 | D:5      | Reached skill level 5 in Evocations
  3339 | D:5      | Found a shimmering altar of Xom.
  3409 | D:5      | Found a shadowy altar of Dithmenos.
  3991 | D:6      | You fall into a shaft and drop 3 floors!
  3998 | D:9      | Reached skill level 6 in Evocations
  4004 | D:9      | Reached XP level 9. HP: 69/69 MP: 9/9
  4209 | D:9      | Noticed a brown ugly thing
  4219 | D:9      | Killed a brown ugly thing
  4220 | D:9      | Reached skill level 5 in Armour
  4220 | D:9      | Reached skill level 5 in Dodging
  5147 | D:9      | Reached skill level 7 in Evocations
  5419 | D:8      | Noticed a komodo dragon
  5420 | D:8      | HP: 2/71 [poisoned by a water moccasin]
  5427 | D:8      | Reached skill level 8 in Evocations
  5427 | D:8      | Reached XP level 10. HP: 45/77 MP: 10/10
  5660 | D:8      | Found Riatryro's Weapon Emporium.
  5660 | D:8      | Noticed a two-headed ogre
  5671 | D:8      | Killed a two-headed ogre
  5817 | D:8      | Reached **** piety under Trog
  5908 | D:8      | Found a staircase to the Lair.
  6350 | D:8      | Found a stormy altar of Qazlal.
  6477 | D:7      | Reached skill level 9 in Evocations
  6602 | D:7      | Found Xedioll's Armour Shop.
  7352 | D:7      | Gained mutation: You are partially covered in iridescent
                  | scales. (AC +2) [potion of mutation]
  7352 | D:7      | Gained mutation: You possess an exceptional clarity of
                  | mind. [potion of mutation]
  7352 | D:7      | Gained mutation: You expend magic power (3 MP) to
                  | strengthen your wands. [potion of mutation]
  7413 | D:6      | Found a staircase to the Ecumenical Temple.
  7555 | Temple   | Entered the Ecumenical Temple
  8014 | D:10     | Entered Level 10 of the Dungeon
  8014 | D:10     | Noticed a two-headed ogre
  8031 | D:10     | Killed a two-headed ogre
  8032 | D:10     | Reached XP level 11. HP: 66/86 MP: 0/11
  8032 | D:10     | Noticed a two-headed ogre
  8160 | D:10     | Killed a two-headed ogre
  8175 | D:10     | Noticed a two-headed ogre
  8184 | D:10     | Killed a two-headed ogre
  8185 | D:10     | Reached skill level 10 in Evocations
  8482 | D:10     | Found a bloodstained altar of Trog.
  8485 | D:10     | Found an ornate altar of the Wu Jian Council.
  8526 | D:10     | Found a staircase to the Orcish Mines.
  9071 | D:11     | Noticed a skeletal warrior
  9083 | D:11     | Killed a skeletal warrior
  9114 | D:11     | Noticed a skeletal warrior
  9114 | D:11     | Noticed a skeletal warrior
  9114 | D:11     | Noticed a skeletal warrior
  9122 | D:11     | Killed a skeletal warrior
  9134 | D:11     | Killed a skeletal warrior
  9187 | D:11     | Noticed a boulder beetle
  9206 | D:11     | Killed a boulder beetle
  9475 | D:11     | Noticed a boulder beetle
  9476 | D:11     | Noticed a boulder beetle
  9480 | D:11     | Reached skill level 11 in Evocations
  9488 | D:11     | Reached XP level 12. HP: 50/95 MP: 12/12
  9490 | D:11     | Killed a boulder beetle
  9490 | D:11     | Slain by a boulder beetle

Illustrated notes

Levels and vault maps discovered:
D:1:      lightli_arrival_flooded_house, layout_loops_corners
D:2:      layout_basic, basic_altar, reono_crystal_passage, uniq_sigmund
D:3:      layout_rooms, nicolae_tso_besieged_by_evil,
          ebering_ecumenical_altar_webs
D:4:      layout_rooms, kennysheep_mini_moat, nicolae_yredelemnul_ghost_church,
          serial_bayou_pond_e
D:5:      layout_gridville, nicolae_dithmenos_shadow_blocks,
          mainiacjoe_overflow_alcove_4, mainiacjoe_overflow_small_starburst
D:6:      layout_loops_cross, minmay_temple_entry_trees, roderic_lattice_a
D:7:      layout_basic, serial_shops, nicolae_shop_just_a_little_nook
D:8:      layout_gridville, nicolae_qazlal_beasts_of_the_sky,
          due_lair_maze_entry_diamond, serial_shops, nicolae_shop_scrapyard
D:9:      layout_layer_cave, chequers_serial_rivers_marsh, grunt_decor_clamped,
          small_chamber_with_monster
D:10:     layout_rooms, jmf_multi_god_temple2,
          kennysheep_orc_monster_closet_entryway, minmay_unpleasant_kobolds
D:11:     layout_loops_ring, nicolae_ru_path_of_blood
Temple:   compressed_dpeg_triangle_lava_temple

Skill      XL: |  1  2  3  4  5  6  7  8  9 10 11 |
---------------+----------------------------------+-----
Dodging        | 2 3 4 5 6 8 |  8.0
Armour         | 2 3 4 5 7 8 |  8.0
Evocations     | 1 2 3 4 6 8 9 11 | 11.1
Axes           | 4 5 6 8 9 |  9.2
Fighting       | 4 5 6 8 9 |  9.1

Action                     |  1- 3 |  4- 6 |  7- 9 | 10-12 || total
---------------------------+-------+-------+-------+-------++-------
  Melee: Dagger            |    76 |    59 |       |       ||   135
         Hand axe          |    77 |   120 |   137 |       ||   334
         Short sword       |       |     3 |       |       ||     3
         War axe           |       |       |   142 |   261 ||   403
 Invoke: Trog's Hand       |     1 |       |     5 |     9 ||    15
         Berserk           |     1 |       |     4 |     6 ||    11
         Brothers in Arms  |       |       |       |     1 ||     1
  Evoke: Wand              |       |       |       |     9 ||     9
    Use: Scroll            |       |     8 |     4 |     4 ||    16
         Potion            |       |       |     7 |     2 ||     9
   Stab: Sleeping          |     3 |       |       |       ||     3
 Armour: Animal skin       |    42 |       |       |       ||    42
         Leather armour    |    27 |    77 |    15 |       ||   119
         Plate armour      |       |       |   223 |   227 ||   450
  Dodge: Dodged            |    58 |    52 |    88 |   106 ||   304

Table legend: (Time is in decaauts)
 A = Elapsed time spent in this place.
 B = Non-inter-level travel time spent in this place.
 C = Inter-level travel time spent in this place.
 D = Time resting spent in this place.
 E = Time spent auto-exploring this place.
 F = Levels seen in this place.
 G = Mean time per level.
                   A        B        C        D        E       F      G
               +--------+--------+--------+--------+--------+-----+--------+
         Total |   9693 |   9197 |    496 |    562 |   6876 |  12 |  807.8 |
       Dungeon |   9691 |   9195 |    496 |    562 |   6876 |  11 |  881.0 |
        Temple |      1 |      1 |      0 |      0 |      0 |   1 |    1.0 |
               +--------+--------+--------+--------+--------+-----+--------+

Top non-repeatable levels by time:
     D:9: 1586 daAuts
     D:8: 1125 daAuts
     D:1: 1029 daAuts
     D:7: 1019 daAuts
    D:10: 844 daAuts
     D:3: 833 daAuts
     D:6: 816 daAuts
     D:5: 684 daAuts
     D:2: 617 daAuts
     D:4: 574 daAuts
    D:11: 559 daAuts
  Temple: 1 daAuts
